 Dungeon Crawl Stone Soup version 0.21.1-1-g345015f (webtiles) character file.

104 Figureslego113 the Sneak (level 4, -5/29 HPs)
             Began as an Octopode Assassin on July 20, 2018.
             Slain by a gnoll
             ... wielding a +0 halberd
              (17 damage)
             ... on level 2 of the Dungeon.
             The game lasted 00:03:51 (1107 turns).

Figureslego113 the Sneak (Octopode Assassin)        Turns: 1107, Time: 00:03:52

Health: -5/29      AC:  1    Str: 10    XL:     4   Next: 80%
Magic:  4/4        EV: 13    Int: 13    God:
Gold:   40         SH:  0    Dex: 14    Spells: 3/3 levels left

rFire    . . .     SeeInvis .   a - +2 dagger
rCold    . . .     Gourm    .   (no shield)
rNeg     . . .     Faith    .   (helmet restricted)
rPois    .         Spirit   .   (no amulet)
rElec    .         Reflect  .   (no ring)
rCorr    .         Harm     .   (no ring)
MR       .....                  (no ring)
Stlth    +++++.....             (no ring)
HPRegen  0.09/turn              (no ring)
MPRegen  0.09/turn              (no ring)
                                (no ring)
                                (no ring)

@: no status effects
A: almost no armour, stealthy swim, amphibious, 8 rings, constrict 8, camouflage
1, gelatinous body 1
a: no special abilities


You were on level 2 of the Dungeon.
You were not hungry.

You visited 1 branch of the dungeon, and saw 2 of its levels.

You collected 40 gold pieces.

Inventory:

Hand Weapons
 a - a +2 dagger (weapon)
 b - a +0 blowgun
Missiles
 c - 23 poisoned needles
 d - 2 curare-tipped needles
Jewellery
 j - a +2 ring of dexterity {unknown}
Wands
 g - a wand of polymorph (14)
Scrolls
 e - a scroll of amnesia {unknown}
Potions
 h - a potion of curing {unknown}
Comestibles
 f - 2 rations
 i - 2 chunks of flesh


   Skills:
 - Level 2.0 Fighting
 * Level 3.2 Short Blades
 - Level 2.0 Throwing
 - Level 1.0 Dodging
 - Level 7.4 Stealth


You had 3 spell levels left.
You didn't know any spells.

Dungeon Overview and Level Annotations

Branches:
Dungeon (2/15)

Altars:


Innate Abilities, Weirdness & Mutations

You cannot wear most types of armour.
You are very stealthy in the water. (Stealth+)
You are amphibious.
You can wear up to eight rings at the same time.
You can use your tentacles to constrict eight enemies at once.
Your skin changes colour to match your surroundings (Stealth+).
Your rubbery body absorbs attacks. (AC +1, EV +1)


Message History

You constrict the gnoll, but do no damage.
The gnoll closely misses you.
You hit the gnoll.
You kill the gnoll!
The gnoll misses you.
You hit the gnoll. You grab the gnoll.
The gnoll is lightly wounded.
You constrict the gnoll, but do no damage.
The gnoll hits you.
You barely miss the gnoll. You squeeze the gnoll.
The gnoll is heavily wounded.
You constrict the gnoll, but do no damage.
The gnoll hits you from afar with a halberd!
The gnoll barely misses you.
You hit the gnoll.
The gnoll is almost dead.
You constrict the gnoll.
The gnoll hits you from afar with a halberd!
Ouch! That really hurt!
You die...

..........# #.#
.#........# #.#
<.........# #.#
<.........#######.###
.#.....(..)...##....#
......[...###.......#
.#........# ####....#
..........# #.).##
..........# #@#.#
#######...######g#.#
###..(##.g.#.#
###)##.###.#
####....# #.#
.####....##.# #.#
........g.#.# #.#
##..........# #.#
#..#..!.......#.#


You could see 2 gnolls.

Vanquished Creatures
  Terence (D:2)
  Natasha (D:2)
  An adder (D:1)
  2 gnolls (D:2)
  2 dart slugs (D:1)
  A leopard gecko (D:1)
  A giant cockroach (D:1)
  3 goblins (D:1)
  4 hobgoblins
  3 bats (D:1)
  2 kobolds (D:1)
  5 rats
26 creatures vanquished.

Notes
Turn   | Place    | Note
-------+----------+-------------------------------------------
     0 | D:1      | Figureslego113 the Octopode Assassin began the quest for the Orb.
     0 | D:1      | Reached XP level 1. HP: 14/14 MP: 1/1
    80 | D:1      | Reached XP level 2. HP: 15/19 MP: 2/2
   162 | D:1      | Reached skill level 6 in Stealth
   425 | D:2      | Noticed Terence
   431 | D:2      | Killed Terence
   431 | D:2      | Reached XP level 3. HP: 24/24 MP: 3/3
   463 | D:2      | Reached skill level 7 in Stealth
   728 | D:1      | Reached XP level 4. HP: 13/29 MP: 4/4
  1000 | D:2      | Noticed Natasha
  1013 | D:2      | Killed Natasha
  1107 | D:2      | Slain by a gnoll

Skill      XL: |  1  2  3  4 |
---------------+-------------+-----
Stealth        | 6 7 |  7.4
Short Blades   | 3 |  3.2
Fighting       | |  2.0
Throwing       | |  2.0
Dodging        | |  1.0

Action                   |  1- 3 |  4- 6 || total
-------------------------+-------+-------++-------
Melee: Dagger            |    45 |    19 ||    64
       Constrict         |     7 |     5 ||    12
       Tentacles         |     3 |     4 ||     7
 Stab: Sleeping          |     6 |     2 ||     8
  Eat: Chunk             |       |     1 ||     1
Armor: Skin              |     2 |       ||     2
Dodge: Dodged            |    30 |    13 ||    43
